 Dungeon Crawl Stone Soup version 0.27.1-15-g792fb953b9 (webtiles) character file.

Game seed: 16924653758738723307

162 croobank the Covered (level 5, 0/63 HPs)
             Began as a Barachi Fighter on Nov 18, 2021.
             Slain by a scorpion (2 damage)
             ... on level 2 of the Dungeon.
             The game lasted 00:08:40 (1887 turns).

croobank the Covered (Barachi Fighter)              Turns: 1887, Time: 00:08:41

Health: 0/63       AC: 22    Str: 18    XL:     5   Next: 43%
Magic:  5/5        EV:  2    Int:  8    God:
Gold:   27         SH:  9    Dex: 12    Spells: 4/4 levels left

rFire    . . .     SeeInvis .   a - +0 long sword
rCold    . . .     Faith    .   c - +0 kite shield
rNeg     + + +     Spirit   .   (armour currently unavailable)
rPois    +         Reflect  .   (helmet currently unavailable)
rElec    .         Harm     .   (cloak currently unavailable)
rCorr    .         Rampage  .   (gloves currently unavailable)
Will     .....     NoTele   +   (boots currently unavailable)
Stlth    +.........             (no amulet)
HPRegen  0.20/turn              (no ring)
MPRegen  0.09/turn              (no ring)

@: mighty, lethally poisoned (0 -> -14), tree-form, invisible
A: stationary, stasis, torment immunity, boosted hp, (amphibious), (slowness 1),
(strong legs 1), +LOS
a: no special abilities


You were on level 2 of the Dungeon.
You were a tree.
You visited 1 branch of the dungeon, and saw 3 of its levels.

You collected 27 gold pieces.

Inventory:

Hand Weapons
 a - a +0 long sword (weapon)
 e - a +0 short sword
Missiles
 f - 20 stones
 m - 8 poisoned darts
Armour
 b - a +0 scale mail (melded)
 c - a +0 kite shield (worn)
 h - a +0 pair of gloves (melded)
Magical Staves
 i - a staff of fire
Scrolls
 g - a scroll of amnesia {unknown}
 j - a scroll of brand weapon {unknown}
 n - a scroll of enchant weapon {unknown}
 o - a scroll of identify


   Skills:
 + Level 4.2 Fighting
 + Level 4.4 Long Blades
 + Level 4.4 Armour
 + Level 1.1 Dodging
 + Level 0.1 Stealth
 + Level 4.2 Shields


You had 4 spell levels left.
You didn't know any spells.
Your spell library contained the following spells:

 Spells                   Type           Power      Damage    Failure   Level
 Foxfire                  Conj/Fire      0%         2x1d4     86%         1
 Sting                    Tmut/Pois      0%         1d3       86%         1
 Poisonous Vapours        Pois/Air       0%         N/A       95%         2
 Conjure Flame            Conj/Fire      0%         6-21      99%         3
 Inner Flame              Hex/Fire       0%         N/A       99%         3
 Olgreb's Toxic Radiance  Pois           0%         N/A       100%        4


Dungeon Overview and Level Annotations

Branches:
Dungeon (3/15)

Altars:


Innate Abilities, Weirdness & Mutations

You are a tree.
Your roots penetrate the ground, keeping you stationary.
You cannot be teleported.
You are immune to unholy pain and torment.
Your maximum health is greatly increased.
Your equipment is partially melded.
((You are amphibious.))
((You cover ground slowly.))
((You can hop short distances.))
You have an extended range of vision and can be seen from far away.


Message History

You barely miss Natasha.
Natasha is severely wounded.
Natasha stares at you and mumbles some strange words.
You resist with some effort.
You slice Natasha!!
You kill Natasha!
Natasha yowls pathetically as she dies!
The crimson imp disappears in a puff of smoke!
The scorpion stings you but does no damage.
You closely miss the scorpion. You block the scorpion's attack.
The scorpion stings you but does no damage.
You slash the scorpion!
The scorpion is heavily wounded.
The scorpion stings you.
You are poisoned.
The scorpion poisons you!
Your shield and scale mail prevent you from hitting the scorpion.
The scorpion is heavily wounded.
* * * LOW HITPOINT WARNING * * *
You feel very sick. The scorpion stings you.
* * * LOW HITPOINT WARNING * * *
You are more poisoned.
The scorpion poisons you! The scorpion stings you.
* * * LOW HITPOINT WARNING * * *
Okay, then.
Okay, then.
It was a potion of lignification.
You turn into a tree.
Your +0 pair of gloves melds into your body.
Your +0 scale mail melds into your body.
Your roots penetrate the ground.
* * * LOW HITPOINT WARNING * * *
You feel very sick.
The scorpion stings you but does no damage.
It was a potion of invisibility.
You fade into invisibility!
* * * LOW HITPOINT WARNING * * *
You feel very sick. The scorpion stings you.
You die...

.# #.# ### .#
#.# (# #.# .#
#.# .# #.# .#
#.# .# #.# # ..
##.######:##.###
#.
#....)♣sJ.......
.
##.#.###........
#.......#
........
#######.#
.....### #..
.##.... ###. ##
.#### .# # S .


You could see a scorpion and an endoplasm.

Vanquished Creatures
  Terence (D:2)
  Natasha (twice) (D:2)
  Robin (D:1)
  2 adders (D:2)
  A worm (D:2)
  2 dart slugs
  2 ball pythons (D:1)
  2 endoplasms (D:1)
  9 goblins
  9 hobgoblins
  4 jackals (D:2)
  6 kobolds
  A quokka (D:2)
  A bat (D:2)
  A frilled lizard (D:1)
  4 rats
48 creatures vanquished.

Vanquished Creatures (others)
  A fungus (D:2)
1 creature vanquished.

Grand Total: 49 creatures vanquished

Notes
Turn   | Place    | Note
-------+----------+-------------------------------------------
     0 | D:1      | croobank the Barachi Fighter began the quest for the Orb.
     0 | D:1      | Reached XP level 1. HP: 18/18 MP: 1/1
   192 | D:1      | Reached XP level 2. HP: 25/25 MP: 2/2
   986 | D:2      | Noticed Terence
   990 | D:2      | Killed Terence
   991 | D:2      | Reached XP level 3. HP: 30/30 MP: 3/3
  1052 | D:2      | Reached XP level 4. HP: 27/37 MP: 4/4
  1084 | D:2      | Noticed Natasha
  1094 | D:2      | Killed Natasha
  1313 | D:2      | Noticed Robin
  1352 | D:1      | Killed Robin
  1353 | D:1      | Reached skill level 1 in Dodging
  1782 | D:2      | Reached XP level 5. HP: 42/42 MP: 5/5
  1867 | D:2      | Noticed Natasha
  1882 | D:2      | Killed Natasha
  1887 | D:2      | HP: 2/63 [poisoned by a scorpion]
  1887 | D:2      | Slain by a scorpion

Illustrated notes

Levels and vault maps discovered:
D:1:      sevenhm_arrival_forest_fort_small_4, layout_loops_ring,
          minmay_misc_feat_x, chequers_hall_statues_corner_a, patterned_corridor
D:2:      layout_loops_ring, uniq_crazy_yiuf_cottage, uniq_robin, uniq_terence,
          uniq_natasha
D:3:      layout_loops_ring

Skill      XL: |  1  2  3  4  5 |
---------------+----------------+-----
Fighting       | 4 |  4.2
Armour         | 4 |  4.4
Long Blades    | 3 4 |  4.4
Shields        | 4 |  4.2
Dodging        | 1 |  1.1
Stealth        | |  0.1

Action                   |  1- 3 |  4- 6 || total
-------------------------+-------+-------++-------
Melee: Long sword        |    75 |   102 ||   177
  Use: Scroll            |     2 |       ||     2
       Potion            |     1 |     4 ||     5
Armor: Scale mail        |    34 |    58 ||    92
       Skin              |       |     1 ||     1
Dodge: Dodged            |    25 |    39 ||    64
Block: Kite shield       |    41 |    73 ||   114
       Rpst.: Long sword |     5 |    18 ||    23
